2982 views
Uploaded 2019-12-11 20:36:41
Game version 1.32.0.4
32:38 long 4on4 ladder game on (8)GolemsInTheMist_LV
Saved by BEARAND
2982 views
Uploaded 2019-12-11 20:36:41
Game version 1.32.0.4
32:38 long 4on4 ladder game on (8)GolemsInTheMist_LV


100 units @ 11.1k
/ 1k
426 buildings @ 23k
/ 12.8k



x1)
| Staff of Sanctuary | 3 | 750 |
| Orb of Fire | 3 | 975 |
| Boots of Speed | 3 | 750 |
| Staff of Teleportation | 3 | 450 |
| Tome of Retraining | 1 | 300 |
| Periapt of Vitality | 1 | 325 |
| total: | 14 | 3550g |
| Peasant | 14 | 1050 | / | 0 |
| Priest | 1 | 135 | / | 10 |
| Dragonhawk Rider | 5 | 1000 | / | 150 |
| total: | 20 | 2185g | / | 160w |
| Scout Tower | 99 | 2970 | / | 1980 |
| Guard Tower | 30 | 2100 | / | 1500 |
| Arcane Tower | 4 | 280 | / | 200 |
| Altar of Kings | 1 | 180 | / | 50 |
| Farm | 7 | 560 | / | 140 |
| Lumber Mill | 2 | 240 | / | 0 |
| Arcane Vault | 1 | 130 | / | 30 |
| Town Hall | 2 | 770 | / | 410 |
| Blacksmith | 1 | 140 | / | 60 |
| Barracks | 1 | 160 | / | 60 |
| Arcane Sanctum | 1 | 150 | / | 140 |
| Gryphon Aviary | 1 | 140 | / | 150 |
| Keep | 1 | 320 | / | 210 |
| Castle | 1 | 360 | / | 210 |
| total: | 116 | 5440g | / | 3020w |
| 0:02 | Peasant |
| 0:02 | Peasant |
| 0:11 | Altar of Kings |
| 0:19 | Farm |
| 0:20 | Peasant |
| 0:25 | Peasant |
| 0:32 | Peasant |
| 0:46 | Farm |
| 0:51 | Peasant |
| 1:06 | Lumber Mill |
| 1:07 | Peasant |
| 1:19 | Peasant |
| 1:25 | Peasant |
| 1:51 | Scout Tower |
| 1:55 | Scout Tower |
| 1:59 | Peasant |
| 2:09 | Summon Water Elemental |
| 2:22 | Guard Tower |
| 2:23 | Scout Tower |
| 2:29 | Peasant |
| 2:29 | Peasant |
| 2:32 | Scout Tower |
| 3:01 | Guard Tower |
| 3:03 | Scout Tower |
| 3:04 | Scout Tower |
| 3:06 | Scout Tower |
| 3:06 | Scout Tower |
| 3:15 | Peasant |
| 3:15 | Peasant |
| 3:18 | Guard Tower |
| 4:01 | Guard Tower |
| 4:05 | Scout Tower |
| 4:05 | Scout Tower |
| 4:06 | Scout Tower |
| 4:06 | Scout Tower |
| 4:07 | Scout Tower |
| 4:08 | Scout Tower |
| 4:11 | Keep |
| 4:51 | Brilliance Aura |
| 4:52 | Boots of Speed |
| 5:04 | Guard Tower |
| 5:07 | Farm |
| 5:08 | Farm |
| 5:09 | Improved Masonry |
| 5:43 | Guard Tower |
| 5:47 | Scout Tower |
| 5:55 | Scout Tower |
| 6:10 | Scout Tower |
| 6:11 | Scout Tower |
| 6:12 | Scout Tower |
| 6:12 | Scout Tower |
| 6:13 | Scout Tower |
| 6:14 | Scout Tower |
| 6:14 | Scout Tower |
| 6:15 | Scout Tower |
| 6:37 | Guard Tower |
| 7:37 | Summon Water Elemental |
| 7:41 | Castle |
| 7:43 | Arcane Sanctum |
| 7:54 | Storm Bolt |
| 7:56 | Arcane Tower |
| 7:56 | Guard Tower |
| 7:57 | Guard Tower |
| 8:26 | Guard Tower |
| 8:32 | Advanced Masonry |
| 9:15 | Boots of Speed |
| 9:21 | Arcane Vault |
| 9:26 | Scout Tower |
| 9:27 | Scout Tower |
| 9:27 | Scout Tower |
| 9:27 | Scout Tower |
| 9:28 | Scout Tower |
| 9:30 | Scout Tower |
| 9:50 | Lumber Mill |
| 10:13 | Staff of Teleportation |
| 10:27 | Boots of Speed |
| 10:57 | Scout Tower |
| 11:07 | Holy Light |
| 11:27 | Tome of Retraining |
| 11:27 | Retrain Hero |
| 11:31 | Blizzard |
| 11:31 | Brilliance Aura |
| 11:31 | Blizzard |
| 11:35 | Staff of Teleportation |
| 11:40 | Guard Tower |
| 11:56 | Staff of Sanctuary |
| 11:58 | Orb of Fire |
| 12:03 | Guard Tower |
| 12:06 | Improved Lumber Harvesting |
| 12:31 | Scout Tower |
| 12:31 | Scout Tower |
| 12:32 | Scout Tower |
| 12:32 | Scout Tower |
| 12:34 | Scout Tower |
| 12:36 | Scout Tower |
| 12:39 | Scout Tower |
| 12:39 | Scout Tower |
| 12:39 | Scout Tower |
| 12:40 | Scout Tower |
| 13:05 | Scout Tower |
| 13:05 | Scout Tower |
| 13:06 | Scout Tower |
| 13:06 | Scout Tower |
| 13:12 | Magic Sentry |
| 13:13 | Priest |
| 13:14 | Imbued Masonry |
| 13:16 | Scout Tower |
| 13:17 | Scout Tower |
| 13:17 | Scout Tower |
| 13:18 | Scout Tower |
| 13:19 | Scout Tower |
| 13:27 | Guard Tower |
| 14:02 | Scout Tower |
| 14:03 | Scout Tower |
| 14:03 | Scout Tower |
| 14:04 | Scout Tower |
| 14:04 | Scout Tower |
| 14:14 | Guard Tower |
| 14:19 | Gryphon Aviary |
| 14:21 | Farm |
| 14:21 | Farm |
| 14:22 | Farm |
| 14:44 | Guard Tower |
| 14:46 | Scout Tower |
| 14:47 | Scout Tower |
| 14:48 | Scout Tower |
| 14:49 | Scout Tower |
| 16:29 | Bash |
| 16:41 | Guard Tower |
| 16:43 | Scout Tower |
| 16:45 | Scout Tower |
| 16:45 | Scout Tower |
| 17:04 | Guard Tower |
| 17:07 | Scout Tower |
| 17:08 | Scout Tower |
| 17:08 | Scout Tower |
| 17:09 | Scout Tower |
| 17:22 | Scout Tower |
| 17:23 | Scout Tower |
| 17:23 | Scout Tower |
| 17:24 | Scout Tower |
| 17:24 | Scout Tower |
| 17:25 | Scout Tower |
| 18:55 | Guard Tower |
| 19:05 | Guard Tower |
| 19:07 | Scout Tower |
| 19:08 | Scout Tower |
| 19:08 | Scout Tower |
| 19:09 | Scout Tower |
| 19:14 | Divine Shield |
| 19:17 | Staff of Sanctuary |
| 19:19 | Orb of Fire |
| 19:19 | Orb of Fire |
| 19:32 | Guard Tower |
| 19:36 | Scout Tower |
| 19:37 | Scout Tower |
| 20:29 | Staff of Teleportation |
| 20:29 | Periapt of Vitality |
| 20:49 | Guard Tower |
| 20:52 | Scout Tower |
| 20:57 | Arcane Tower |
| 20:58 | Scout Tower |
| 20:59 | Scout Tower |
| 20:59 | Scout Tower |
| 21:00 | Scout Tower |
| 21:00 | Scout Tower |
| 21:01 | Scout Tower |
| 21:02 | Scout Tower |
| 21:02 | Scout Tower |
| 21:32 | Staff of Sanctuary |
| 21:39 | Guard Tower |
| 22:10 | Town Hall |
| 22:35 | Arcane Tower |
| 22:35 | Arcane Tower |
| 22:41 | Dragonhawk Rider |
| 22:42 | Dragonhawk Rider |
| 22:43 | Dragonhawk Rider |
| 22:44 | Blacksmith |
| 22:47 | Barracks |
| 22:48 | Advanced Lumber Harvesting |
| 24:03 | Town Hall |
| 27:30 | Guard Tower |
| 27:38 | Scout Tower |
| 27:38 | Scout Tower |
| 27:39 | Scout Tower |
| 27:40 | Scout Tower |
| 27:40 | Scout Tower |
| 27:41 | Scout Tower |
| 28:01 | Animal War Training |
| 28:05 | Dragonhawk Rider |
| 28:05 | Dragonhawk Rider |
| 28:11 | Guard Tower |
| 28:16 | Scout Tower |
| 28:16 | Scout Tower |
| 28:17 | Scout Tower |
| 28:18 | Scout Tower |
| 28:52 | Guard Tower |
| 29:13 | Guard Tower |
| 29:15 | Scout Tower |
| 29:28 | Brilliance Aura |
| 29:42 | Scout Tower |
| 30:17 | Guard Tower |
| 32:28 | Storm Bolt |
| 32:29 | Holy Light |
| Right click | 2520 |
| Select | 882 |
| Select group | 463 |
| Build/train/purchase | 185 |
| Chat | 156 |
| Use ability | 96 |
| Assign group | 26 |
| Minimap ping | 10 |
| Misc. action | 8 |
| Item give/drop | 8 |
| Resource trade | 8 |
| Remove unit | 1 |


| Lesser Clarity Potion | 1 | 70 |
| Scroll of Town Portal | 2 | 700 |
| Potion of Lesser Invulnerability | 3 | 450 |
| Periapt of Vitality | 1 | 325 |
| Boots of Speed | 2 | 500 |
| total: | 9 | 2045g |
| Peon | 9 | 675 | / | 0 |
| Troll Headhunter | 6 | 840 | / | 120 |
| Wind Rider | 3 | 795 | / | 120 |
| Shaman | 3 | 390 | / | 60 |
| Troll Batrider | 2 | 320 | / | 80 |
| Goblin Shredder | 3 | 1125 | / | 300 |
| total: | 26 | 4145g | / | 680w |
| Watch Tower | 8 | 880 | / | 640 |
| Barracks | 2 | 360 | / | 100 |
| Orc Burrow | 9 | 1440 | / | 360 |
| War Mill | 2 | 410 | / | 0 |
| Altar of Storms | 1 | 180 | / | 50 |
| Voodoo Lounge | 3 | 390 | / | 90 |
| Great Hall | 1 | 385 | / | 185 |
| Spirit Lodge | 4 | 600 | / | 600 |
| Beastiary | 8 | 1160 | / | 1120 |
| Stronghold | 2 | 630 | / | 380 |
| Fortress | 2 | 650 | / | 380 |
| total: | 38 | 5805g | / | 3145w |
| 0:03 | Peon |
| 0:03 | Peon |
| 0:03 | Peon |
| 0:03 | Peon |
| 0:03 | Peon |
| 0:03 | Peon |
| 0:21 | Barracks |
| 0:35 | Orc Burrow |
| 0:54 | War Mill |
| 1:06 | Altar of Storms |
| 1:15 | Peon |
| 1:15 | Peon |
| 1:21 | Peon |
| 2:13 | Troll Headhunter |
| 2:27 | Barracks |
| 2:32 | Troll Headhunter |
| 3:07 | Orc Burrow |
| 3:12 | Orc Burrow |
| 4:05 | Healing Spray |
| 4:09 | Troll Headhunter |
| 4:11 | Stronghold |
| 4:17 | Voodoo Lounge |
| 4:20 | Steel Ranged Weapons |
| 4:29 | Troll Headhunter |
| 5:05 | Goblin Shredder |
| 5:05 | Goblin Shredder |
| 5:20 | Acid Bomb |
| 5:24 | Troll Headhunter |
| 5:51 | Troll Headhunter |
| 6:02 | Orc Burrow |
| 6:34 | Fortress |
| 7:39 | Troll Regeneration |
| 8:07 | Great Hall |
| 8:36 | Healing Spray |
| 8:49 | Thorium Ranged Weapons |
| 9:23 | Berserker Upgrade |
| 9:25 | Endurance Aura |
| 9:32 | Spirit Lodge |
| 9:51 | Goblin Shredder |
| 10:14 | Beastiary |
| 10:19 | Beastiary |
| 10:31 | Beastiary |
| 10:39 | War Mill |
| 11:38 | Shaman Adept Training |
| 11:41 | Arcanite Ranged Weapons |
| 11:41 | Steel Armor |
| 11:41 | Thorium Armor |
| 11:51 | Orc Burrow |
| 11:52 | Beastiary |
| 12:00 | Beastiary |
| 12:19 | Arcanite Armor |
| 12:37 | Spirit Lodge |
| 13:30 | Reinforced Defenses |
| 13:40 | Orc Burrow |
| 13:49 | Orc Burrow |
| 13:51 | Envenomed Spears |
| 13:58 | Orc Burrow |
| 14:51 | Orc Burrow |
| 14:55 | Wind Rider |
| 16:17 | Wind Rider |
| 16:30 | Shaman Master Training |
| 17:23 | Shaman |
| 17:33 | Spirit Lodge |
| 17:35 | Spirit Lodge |
| 18:27 | Scroll of Town Portal |
| 18:27 | Potion of Lesser Invulnerability |
| 18:34 | Shaman |
| 19:22 | War Stomp |
| 20:44 | Lesser Clarity Potion |
| 21:01 | Shaman |
| 21:05 | Wind Rider |
| 21:06 | War Drums Damage Increase |
| 21:08 | Liquid Fire |
| 21:21 | Spiked Barricades |
| 22:35 | Voodoo Lounge |
| 22:37 | Voodoo Lounge |
| 23:01 | Improved Spiked Barricades |
| 23:02 | Steel Melee Weapons |
| 23:06 | Beastiary |
| 23:08 | Beastiary |
| 23:10 | Beastiary |
| 24:08 | Watch Tower |
| 24:08 | Watch Tower |
| 24:10 | Watch Tower |
| 24:11 | Watch Tower |
| 24:11 | Watch Tower |
| 24:39 | Potion of Lesser Invulnerability |
| 24:45 | Scroll of Town Portal |
| 24:56 | Watch Tower |
| 24:57 | Watch Tower |
| 25:19 | Watch Tower |
| 25:35 | Potion of Lesser Invulnerability |
| 25:35 | Periapt of Vitality |
| 25:36 | Boots of Speed |
| 25:49 | Boots of Speed |
| 26:37 | Thorium Melee Weapons |
| 28:36 | Troll Batrider |
| 28:49 | Troll Batrider |
| 31:21 | Acid Bomb |
| 32:07 | Endurance Aura |
| Right click | 1495 |
| Select group | 609 |
| Select | 578 |
| Build/train/purchase | 104 |
| Misc. action | 93 |
| Use ability | 47 |
| Assign group | 33 |
| Resource trade | 32 |
| Item give/drop | 3 |
| Remove unit | 3 |



x1)
| Scroll of Regeneration | 1 | 100 |
| Staff of Sanctuary | 3 | 750 |
| Orb of Fire | 2 | 650 |
| Staff of Teleportation | 3 | 450 |
| Boots of Speed | 3 | 750 |
| Tome of Retraining | 1 | 300 |
| Periapt of Vitality | 2 | 650 |
| Orb of Lightning | 2 | 750 |
| total: | 17 | 4400g |
| Peasant | 16 | 1200 | / | 0 |
| Priest | 1 | 135 | / | 10 |
| Dragonhawk Rider | 5 | 1000 | / | 150 |
| total: | 22 | 2335g | / | 160w |
| Scout Tower | 111 | 3330 | / | 2220 |
| Arcane Tower | 4 | 280 | / | 200 |
| Guard Tower | 42 | 2940 | / | 2100 |
| Altar of Kings | 1 | 180 | / | 50 |
| Farm | 5 | 400 | / | 100 |
| Lumber Mill | 3 | 360 | / | 0 |
| Arcane Vault | 3 | 390 | / | 90 |
| Town Hall | 1 | 385 | / | 205 |
| Blacksmith | 1 | 140 | / | 60 |
| Barracks | 1 | 160 | / | 60 |
| Arcane Sanctum | 1 | 150 | / | 140 |
| Gryphon Aviary | 1 | 140 | / | 150 |
| Keep | 1 | 320 | / | 210 |
| Castle | 1 | 360 | / | 210 |
| total: | 128 | 5635g | / | 3075w |
| 0:04 | Peasant |
| 0:04 | Peasant |
| 0:07 | Altar of Kings |
| 0:19 | Farm |
| 0:30 | Peasant |
| 0:30 | Peasant |
| 0:43 | Farm |
| 0:48 | Peasant |
| 0:51 | Lumber Mill |
| 1:00 | Peasant |
| 1:11 | Peasant |
| 1:17 | Scout Tower |
| 1:21 | Peasant |
| 1:43 | Scout Tower |
| 1:45 | Arcane Tower |
| 1:52 | Peasant |
| 1:52 | Peasant |
| 2:08 | Summon Water Elemental |
| 2:13 | Scout Tower |
| 2:14 | Arcane Tower |
| 2:23 | Peasant |
| 2:23 | Peasant |
| 2:34 | Scout Tower |
| 2:40 | Peasant |
| 2:41 | Peasant |
| 2:49 | Guard Tower |
| 2:52 | Scout Tower |
| 3:08 | Guard Tower |
| 3:11 | Scout Tower |
| 3:23 | Guard Tower |
| 3:24 | Scout Tower |
| 3:56 | Guard Tower |
| 4:02 | Keep |
| 4:04 | Guard Tower |
| 4:06 | Scout Tower |
| 4:07 | Arcane Vault |
| 4:20 | Brilliance Aura |
| 4:29 | Lumber Mill |
| 4:38 | Scout Tower |
| 4:39 | Scout Tower |
| 4:48 | Staff of Teleportation |
| 4:49 | Boots of Speed |
| 5:05 | Guard Tower |
| 5:17 | Scroll of Regeneration |
| 5:23 | Scout Tower |
| 5:24 | Scout Tower |
| 5:25 | Scout Tower |
| 5:40 | Guard Tower |
| 5:42 | Scout Tower |
| 5:42 | Scout Tower |
| 5:42 | Scout Tower |
| 5:45 | Farm |
| 5:47 | Improved Masonry |
| 6:04 | Guard Tower |
| 6:37 | Guard Tower |
| 6:47 | Guard Tower |
| 6:58 | Staff of Teleportation |
| 7:07 | Castle |
| 7:18 | Arcane Sanctum |
| 7:25 | Guard Tower |
| 7:38 | Storm Bolt |
| 7:50 | Farm |
| 7:56 | Scout Tower |
| 7:57 | Scout Tower |
| 7:58 | Scout Tower |
| 7:58 | Scout Tower |
| 8:03 | Boots of Speed |
| 8:20 | Guard Tower |
| 8:29 | Guard Tower |
| 8:32 | Magic Sentry |
| 8:52 | Guard Tower |
| 9:14 | Scout Tower |
| 9:14 | Scout Tower |
| 9:20 | Scout Tower |
| 9:46 | Summon Water Elemental |
| 9:48 | Guard Tower |
| 9:53 | Town Hall |
| 10:06 | Scout Tower |
| 10:07 | Scout Tower |
| 10:09 | Improved Lumber Harvesting |
| 10:21 | Guard Tower |
| 11:15 | Scout Tower |
| 11:16 | Scout Tower |
| 11:17 | Scout Tower |
| 11:18 | Scout Tower |
| 11:19 | Scout Tower |
| 11:50 | Arcane Vault |
| 11:51 | Arcane Vault |
| 11:55 | Guard Tower |
| 11:58 | Guard Tower |
| 11:59 | Blacksmith |
| 12:03 | Barracks |
| 12:05 | Holy Light |
| 12:06 | Gryphon Aviary |
| 12:17 | Guard Tower |
| 12:29 | Advanced Masonry |
| 12:33 | Priest |
| 12:34 | Priest Adept Training |
| 12:36 | Staff of Teleportation |
| 12:41 | Guard Tower |
| 12:46 | Boots of Speed |
| 13:10 | Scout Tower |
| 13:11 | Scout Tower |
| 13:12 | Scout Tower |
| 13:12 | Scout Tower |
| 13:13 | Scout Tower |
| 13:14 | Scout Tower |
| 13:17 | Scout Tower |
| 13:17 | Scout Tower |
| 13:18 | Scout Tower |
| 13:18 | Scout Tower |
| 13:22 | Bash |
| 13:42 | Scout Tower |
| 13:42 | Scout Tower |
| 13:45 | Peasant |
| 13:49 | Advanced Lumber Harvesting |
| 13:52 | Animal War Training |
| 13:55 | Guard Tower |
| 14:07 | Staff of Sanctuary |
| 14:08 | Orb of Fire |
| 14:14 | Staff of Sanctuary |
| 14:36 | Scout Tower |
| 14:37 | Scout Tower |
| 14:38 | Scout Tower |
| 14:40 | Scout Tower |
| 14:41 | Guard Tower |
| 14:48 | Staff of Sanctuary |
| 14:51 | Orb of Fire |
| 14:58 | Dragonhawk Rider |
| 15:58 | Guard Tower |
| 16:00 | Scout Tower |
| 16:00 | Scout Tower |
| 16:01 | Scout Tower |
| 16:05 | Scout Tower |
| 16:09 | Guard Tower |
| 16:10 | Guard Tower |
| 16:11 | Guard Tower |
| 16:31 | Guard Tower |
| 16:33 | Scout Tower |
| 16:36 | Dragonhawk Rider |
| 16:37 | Peasant |
| 17:02 | Guard Tower |
| 17:04 | Scout Tower |
| 17:05 | Scout Tower |
| 17:12 | Guard Tower |
| 17:27 | Divine Shield |
| 17:38 | Guard Tower |
| 17:39 | Imbued Masonry |
| 18:04 | Guard Tower |
| 18:11 | Scout Tower |
| 18:12 | Scout Tower |
| 18:15 | Scout Tower |
| 18:16 | Scout Tower |
| 18:17 | Scout Tower |
| 18:18 | Scout Tower |
| 18:23 | Priest Master Training |
| 18:25 | Scout Tower |
| 18:26 | Scout Tower |
| 18:26 | Scout Tower |
| 18:26 | Scout Tower |
| 18:27 | Scout Tower |
| 18:27 | Scout Tower |
| 18:28 | Scout Tower |
| 18:29 | Scout Tower |
| 18:29 | Scout Tower |
| 18:30 | Scout Tower |
| 18:33 | Scout Tower |
| 18:34 | Scout Tower |
| 18:34 | Scout Tower |
| 18:35 | Scout Tower |
| 18:35 | Scout Tower |
| 18:37 | Scout Tower |
| 18:38 | Scout Tower |
| 18:38 | Scout Tower |
| 18:39 | Scout Tower |
| 18:40 | Scout Tower |
| 18:41 | Scout Tower |
| 18:41 | Scout Tower |
| 18:43 | Studded Leather Armor |
| 18:45 | Dragonhawk Rider |
| 18:46 | Dragonhawk Rider |
| 18:47 | Farm |
| 19:30 | Storm Bolt |
| 19:34 | Brilliance Aura |
| 20:20 | Guard Tower |
| 20:24 | Scout Tower |
| 20:25 | Scout Tower |
| 20:26 | Scout Tower |
| 20:26 | Scout Tower |
| 20:27 | Scout Tower |
| 20:27 | Scout Tower |
| 20:30 | Scout Tower |
| 20:31 | Scout Tower |
| 20:32 | Scout Tower |
| 20:33 | Scout Tower |
| 20:34 | Scout Tower |
| 20:35 | Scout Tower |
| 20:36 | Scout Tower |
| 20:40 | Tome of Retraining |
| 20:40 | Retrain Hero |
| 20:40 | Periapt of Vitality |
| 20:42 | Blizzard |
| 20:42 | Brilliance Aura |
| 20:42 | Brilliance Aura |
| 20:55 | Arcane Tower |
| 20:58 | Arcane Tower |
| 21:00 | Guard Tower |
| 21:37 | Reinforced Leather Armor |
| 21:42 | Guard Tower |
| 21:56 | Guard Tower |
| 22:48 | Scout Tower |
| 22:49 | Scout Tower |
| 22:49 | Scout Tower |
| 22:50 | Scout Tower |
| 22:50 | Scout Tower |
| 22:51 | Scout Tower |
| 22:52 | Scout Tower |
| 22:53 | Scout Tower |
| 22:55 | Scout Tower |
| 22:56 | Scout Tower |
| 22:56 | Scout Tower |
| 23:06 | Guard Tower |
| 23:12 | Guard Tower |
| 23:17 | Lumber Mill |
| 23:42 | Orb of Lightning |
| 23:45 | Orb of Lightning |
| 23:52 | Guard Tower |
| 24:13 | Periapt of Vitality |
| 24:44 | Dragonhawk Rider |
| 24:52 | Dragonhide Armor |
| 25:20 | Guard Tower |
| 26:17 | Guard Tower |
| 27:17 | Guard Tower |
| 27:34 | Iron Forged Swords |
| 27:36 | Cloud |
| 28:03 | Scout Tower |
| 28:04 | Scout Tower |
| 28:05 | Scout Tower |
| 28:06 | Scout Tower |
| 28:07 | Scout Tower |
| 28:08 | Scout Tower |
| 29:01 | Holy Light |
| 30:04 | Guard Tower |
| 31:03 | Steel Forged Swords |
| 32:13 | Bash |
| Right click | 1956 |
| Select group | 1741 |
| Select | 396 |
| Chat | 233 |
| Build/train/purchase | 181 |
| Use ability | 122 |
| Misc. action | 74 |
| Minimap ping | 21 |
| Assign group | 16 |
| Item give/drop | 12 |
| Resource trade | 8 |
Mata
(33:00) : 


| Staff of Sanctuary | 4 | 1000 |
| Orb of Fire | 1 | 325 |
| Staff of Teleportation | 3 | 450 |
| Boots of Speed | 2 | 500 |
| Periapt of Vitality | 1 | 325 |
| Orb of Lightning | 2 | 750 |
| total: | 13 | 3350g |
| Peasant | 32 | 2400 | / | 0 |
| total: | 32 | 2400g | / | 0w |
| Scout Tower | 132 | 3960 | / | 2640 |
| Arcane Tower | 1 | 70 | / | 50 |
| Guard Tower | 69 | 4830 | / | 3450 |
| Altar of Kings | 1 | 180 | / | 50 |
| Farm | 5 | 400 | / | 100 |
| Lumber Mill | 1 | 120 | / | 0 |
| Town Hall | 3 | 1155 | / | 615 |
| Arcane Vault | 1 | 130 | / | 30 |
| Arcane Sanctum | 1 | 150 | / | 140 |
| Keep | 1 | 320 | / | 210 |
| Castle | 1 | 360 | / | 210 |
| total: | 144 | 6095g | / | 3575w |
| 0:01 | Peasant |
| 0:11 | Altar of Kings |
| 0:13 | Peasant |
| 0:19 | Farm |
| 0:20 | Peasant |
| 0:33 | Peasant |
| 0:47 | Lumber Mill |
| 0:51 | Peasant |
| 1:03 | Peasant |
| 1:15 | Scout Tower |
| 1:18 | Farm |
| 1:20 | Peasant |
| 1:25 | Scout Tower |
| 1:36 | Peasant |
| 1:41 | Arcane Tower |
| 1:47 | Peasant |
| 1:56 | Peasant |
| 2:08 | Scout Tower |
| 2:09 | Guard Tower |
| 2:20 | Blizzard |
| 2:29 | Scout Tower |
| 2:32 | Scout Tower |
| 2:33 | Scout Tower |
| 2:37 | Peasant |
| 2:38 | Peasant |
| 2:50 | Guard Tower |
| 2:54 | Farm |
| 2:55 | Peasant |
| 3:00 | Guard Tower |
| 3:01 | Guard Tower |
| 3:04 | Scout Tower |
| 3:07 | Scout Tower |
| 3:07 | Scout Tower |
| 3:23 | Peasant |
| 3:26 | Peasant |
| 3:30 | Guard Tower |
| 3:49 | Peasant |
| 3:57 | Staff of Teleportation |
| 4:10 | Guard Tower |
| 4:11 | Scout Tower |
| 4:12 | Scout Tower |
| 4:30 | Keep |
| 4:41 | Guard Tower |
| 4:43 | Guard Tower |
| 5:40 | Town Hall |
| 5:45 | Scout Tower |
| 5:46 | Scout Tower |
| 5:47 | Scout Tower |
| 5:47 | Scout Tower |
| 6:02 | Brilliance Aura |
| 6:07 | Improved Masonry |
| 6:11 | Farm |
| 6:16 | Guard Tower |
| 6:19 | Scout Tower |
| 6:19 | Scout Tower |
| 6:20 | Scout Tower |
| 6:21 | Scout Tower |
| 6:48 | Scout Tower |
| 6:49 | Scout Tower |
| 6:55 | Scout Tower |
| 6:57 | Scout Tower |
| 7:00 | Scout Tower |
| 7:01 | Scout Tower |
| 7:35 | Guard Tower |
| 7:39 | Scout Tower |
| 7:39 | Scout Tower |
| 7:41 | Scout Tower |
| 7:49 | Peasant |
| 7:50 | Peasant |
| 8:03 | Peasant |
| 8:24 | Guard Tower |
| 8:28 | Scout Tower |
| 8:28 | Scout Tower |
| 8:43 | Guard Tower |
| 8:51 | Storm Bolt |
| 9:07 | Staff of Teleportation |
| 9:07 | Boots of Speed |
| 9:17 | Arcane Vault |
| 9:18 | Guard Tower |
| 9:23 | Castle |
| 9:24 | Advanced Masonry |
| 9:24 | Improved Lumber Harvesting |
| 10:06 | Blizzard |
| 10:22 | Guard Tower |
| 10:31 | Town Hall |
| 10:36 | Scout Tower |
| 10:36 | Scout Tower |
| 10:37 | Scout Tower |
| 10:41 | Arcane Sanctum |
| 10:43 | Peasant |
| 10:43 | Peasant |
| 10:46 | Staff of Sanctuary |
| 10:47 | Orb of Fire |
| 11:33 | Scout Tower |
| 11:39 | Scout Tower |
| 11:40 | Scout Tower |
| 11:41 | Scout Tower |
| 11:41 | Scout Tower |
| 11:42 | Scout Tower |
| 11:45 | Scout Tower |
| 11:45 | Scout Tower |
| 11:51 | Scout Tower |
| 11:52 | Scout Tower |
| 11:58 | Imbued Masonry |
| 12:01 | Peasant |
| 12:02 | Peasant |
| 12:05 | Peasant |
| 12:05 | Peasant |
| 12:10 | Guard Tower |
| 12:12 | Magic Sentry |
| 12:19 | Scout Tower |
| 12:21 | Scout Tower |
| 12:25 | Scout Tower |
| 12:32 | Peasant |
| 12:33 | Peasant |
| 12:36 | Guard Tower |
| 13:15 | Scout Tower |
| 13:16 | Scout Tower |
| 13:17 | Scout Tower |
| 13:19 | Scout Tower |
| 13:20 | Scout Tower |
| 13:23 | Holy Light |
| 13:29 | Guard Tower |
| 13:33 | Peasant |
| 13:33 | Peasant |
| 13:42 | Guard Tower |
| 13:49 | Guard Tower |
| 13:49 | Guard Tower |
| 13:54 | Guard Tower |
| 14:02 | Advanced Lumber Harvesting |
| 14:17 | Staff of Sanctuary |
| 14:17 | Staff of Sanctuary |
| 14:26 | Staff of Teleportation |
| 14:27 | Boots of Speed |
| 14:28 | Periapt of Vitality |
| 14:38 | Guard Tower |
| 14:41 | Scout Tower |
| 14:44 | Scout Tower |
| 14:46 | Scout Tower |
| 14:46 | Scout Tower |
| 14:48 | Peasant |
| 16:28 | Bash |
| 16:49 | Town Hall |
| 17:13 | Scout Tower |
| 17:14 | Scout Tower |
| 17:27 | Scout Tower |
| 17:28 | Scout Tower |
| 17:28 | Scout Tower |
| 17:28 | Scout Tower |
| 18:21 | Guard Tower |
| 18:23 | Scout Tower |
| 18:24 | Scout Tower |
| 18:25 | Scout Tower |
| 18:25 | Scout Tower |
| 18:26 | Scout Tower |
| 18:56 | Guard Tower |
| 19:04 | Scout Tower |
| 19:05 | Scout Tower |
| 19:06 | Scout Tower |
| 19:26 | Divine Shield |
| 19:46 | Farm |
| 20:31 | Guard Tower |
| 20:32 | Peasant |
| 20:32 | Peasant |
| 20:42 | Scout Tower |
| 20:44 | Scout Tower |
| 20:45 | Scout Tower |
| 20:46 | Scout Tower |
| 20:47 | Scout Tower |
| 20:54 | Guard Tower |
| 20:59 | Scout Tower |
| 20:59 | Scout Tower |
| 21:00 | Scout Tower |
| 21:01 | Scout Tower |
| 21:02 | Scout Tower |
| 21:03 | Scout Tower |
| 21:04 | Scout Tower |
| 21:06 | Scout Tower |
| 21:06 | Scout Tower |
| 21:08 | Scout Tower |
| 21:09 | Scout Tower |
| 21:10 | Scout Tower |
| 21:12 | Scout Tower |
| 21:13 | Scout Tower |
| 21:14 | Scout Tower |
| 21:18 | Guard Tower |
| 21:22 | Guard Tower |
| 21:44 | Guard Tower |
| 21:47 | Scout Tower |
| 21:48 | Scout Tower |
| 21:49 | Scout Tower |
| 21:50 | Scout Tower |
| 21:51 | Scout Tower |
| 21:52 | Scout Tower |
| 21:52 | Scout Tower |
| 21:53 | Scout Tower |
| 21:54 | Scout Tower |
| 21:55 | Scout Tower |
| 21:55 | Scout Tower |
| 21:56 | Scout Tower |
| 21:57 | Scout Tower |
| 21:58 | Scout Tower |
| 21:58 | Scout Tower |
| 21:59 | Scout Tower |
| 22:02 | Guard Tower |
| 22:14 | Guard Tower |
| 22:36 | Guard Tower |
| 22:45 | Scout Tower |
| 22:46 | Scout Tower |
| 22:48 | Scout Tower |
| 22:48 | Scout Tower |
| 22:49 | Scout Tower |
| 22:51 | Scout Tower |
| 22:52 | Scout Tower |
| 22:54 | Scout Tower |
| 22:57 | Guard Tower |
| 23:07 | Scout Tower |
| 23:25 | Guard Tower |
| 23:55 | Guard Tower |
| 24:04 | Scout Tower |
| 24:05 | Scout Tower |
| 24:05 | Scout Tower |
| 24:06 | Scout Tower |
| 24:07 | Scout Tower |
| 24:08 | Scout Tower |
| 24:09 | Scout Tower |
| 24:10 | Scout Tower |
| 24:10 | Scout Tower |
| 24:11 | Scout Tower |
| 24:12 | Scout Tower |
| 24:13 | Scout Tower |
| 24:14 | Scout Tower |
| 24:42 | Staff of Sanctuary |
| 24:50 | Guard Tower |
| 24:52 | Guard Tower |
| 25:25 | Guard Tower |
| 25:46 | Guard Tower |
| 26:23 | Guard Tower |
| 27:10 | Guard Tower |
| 28:00 | Scout Tower |
| 28:02 | Scout Tower |
| 28:02 | Scout Tower |
| 28:36 | Guard Tower |
| 28:39 | Orb of Lightning |
| 28:44 | Orb of Lightning |
| 29:49 | Scout Tower |
| 30:30 | Scout Tower |
| 31:29 | Storm Bolt |
| 32:27 | Brilliance Aura |
| 32:37 | Holy Light |
| Right click | 2301 |
| Select | 1317 |
| Select group | 485 |
| Assign group | 192 |
| Build/train/purchase | 188 |
| Use ability | 134 |
| Chat | 38 |
| Resource trade | 23 |
| Minimap ping | 17 |
| Misc. action | 4 |
| Item give/drop | 4 |
162 units @ 26.1k
/ 4.8k
86 buildings @ 12.4k
/ 5k
DeathScream
(32:57) : 
| Scroll of Regeneration | 3 | 300 |
| Potion of Healing | 2 | 300 |
| total: | 5 | 600g |
| Peasant | 7 | 525 | / | 0 |
| Footman | 5 | 675 | / | 0 |
| Mortar Team | 7 | 1260 | / | 490 |
| Siege Engine | 6 | 1170 | / | 360 |
| Goblin Shredder | 1 | 375 | / | 100 |
| Goblin Zeppelin | 2 | 480 | / | 120 |
| total: | 28 | 4485g | / | 1070w |
| Scout Tower | 2 | 60 | / | 40 |
| Arcane Tower | 1 | 70 | / | 50 |
| Altar of Kings | 1 | 180 | / | 50 |
| Barracks | 1 | 160 | / | 60 |
| Farm | 12 | 960 | / | 240 |
| Blacksmith | 1 | 140 | / | 60 |
| Lumber Mill | 2 | 240 | / | 0 |
| Arcane Vault | 1 | 130 | / | 30 |
| Town Hall | 1 | 385 | / | 205 |
| Workshop | 3 | 420 | / | 420 |
| Keep | 1 | 320 | / | 210 |
| Castle | 2 | 720 | / | 420 |
| total: | 24 | 2675g | / | 1105w |
| 0:05 | Peasant |
| 0:05 | Peasant |
| 0:12 | Altar of Kings |
| 0:18 | Barracks |
| 0:37 | Farm |
| 0:39 | Peasant |
| 0:57 | Peasant |
| 0:57 | Peasant |
| 1:01 | Farm |
| 1:23 | Footman |
| 1:23 | Footman |
| 1:40 | Farm |
| 1:56 | Footman |
| 2:07 | Farm |
| 2:17 | Summon Water Elemental |
| 2:51 | Footman |
| 2:51 | Footman |
| 2:59 | Blacksmith |
| 3:02 | Lumber Mill |
| 3:04 | Farm |
| 4:02 | Arcane Vault |
| 4:11 | Scout Tower |
| 4:13 | Scout Tower |
| 4:42 | Arcane Tower |
| 4:48 | Brilliance Aura |
| 5:12 | Lumber Mill |
| 5:15 | Scroll of Regeneration |
| 5:31 | Goblin Shredder |
| 5:38 | Keep |
| 6:10 | Black Gunpowder |
| 7:32 | Studded Leather Armor |
| 7:59 | Peasant |
| 7:59 | Peasant |
| 8:01 | Refined Gunpowder |
| 8:11 | Workshop |
| 8:12 | Workshop |
| 8:14 | Workshop |
| 8:18 | Farm |
| 8:29 | Improved Lumber Harvesting |
| 8:41 | Farm |
| 9:26 | Mortar Team |
| 9:27 | Mortar Team |
| 9:29 | Mortar Team |
| 9:43 | Farm |
| 10:26 | Town Hall |
| 11:37 | Scroll of Regeneration |
| 11:37 | Potion of Healing |
| 11:52 | Castle |
| 12:21 | Goblin Zeppelin |
| 13:18 | Farm |
| 13:37 | Goblin Zeppelin |
| 14:00 | Mortar Team |
| 14:45 | Imbued Gunpowder |
| 14:47 | Fragmentation Shards |
| 15:18 | Siege Engine |
| 15:20 | Siege Engine |
| 16:33 | Iron Plating |
| 17:24 | Siege Engine |
| 17:26 | Barrage |
| 17:28 | Siege Engine |
| 17:53 | Potion of Healing |
| 17:53 | Scroll of Regeneration |
| 18:25 | Steel Plating |
| 19:11 | Siege Engine |
| 19:11 | Siege Engine |
| 21:12 | Mortar Team |
| 21:13 | Mortar Team |
| 21:14 | Mortar Team |
| 21:57 | Farm |
| 21:58 | Farm |
| 22:00 | Farm |
| 22:40 | Blizzard |
| Right click | 986 |
| Select | 628 |
| Build/train/purchase | 125 |
| Misc. action | 63 |
| Minimap ping | 9 |
| Resource trade | 7 |
| Use ability | 6 |


| Peon | 6 | 450 | / | 0 |
| Troll Headhunter | 10 | 1400 | / | 200 |
| Troll Witch Doctor | 13 | 1885 | / | 325 |
| Shaman | 5 | 650 | / | 100 |
| Grunt | 1 | 200 | / | 0 |
| Troll Berserker | 12 | 1680 | / | 240 |
| Demolisher | 1 | 220 | / | 50 |
| Goblin Shredder | 1 | 375 | / | 100 |
| total: | 49 | 6860g | / | 1015w |
| Watch Tower | 6 | 660 | / | 480 |
| Orc Burrow | 9 | 1440 | / | 360 |
| Altar of Storms | 1 | 180 | / | 50 |
| War Mill | 1 | 205 | / | 0 |
| Barracks | 1 | 180 | / | 50 |
| Voodoo Lounge | 1 | 130 | / | 30 |
| Spirit Lodge | 2 | 300 | / | 300 |
| Stronghold | 1 | 315 | / | 190 |
| Fortress | 1 | 325 | / | 190 |
| total: | 21 | 3095g | / | 1270w |
| 0:05 | Peon |
| 0:05 | Peon |
| 0:05 | Peon |
| 0:11 | Orc Burrow |
| 0:16 | Altar of Storms |
| 0:42 | War Mill |
| 1:02 | Peon |
| 1:31 | Orc Burrow |
| 1:48 | Barracks |
| 1:52 | Peon |
| 2:17 | Peon |
| 2:24 | Feral Spirit |
| 2:46 | Watch Tower |
| 3:13 | Orc Burrow |
| 3:15 | Troll Headhunter |
| 3:16 | Troll Headhunter |
| 3:44 | Troll Headhunter |
| 4:40 | Stronghold |
| 4:43 | Orc Burrow |
| 4:49 | Watch Tower |
| 5:07 | Troll Headhunter |
| 5:18 | Steel Armor |
| 5:21 | Troll Headhunter |
| 5:22 | Troll Headhunter |
| 5:42 | Voodoo Lounge |
| 6:07 | Orc Burrow |
| 6:28 | Chain Lighting |
| 6:57 | Goblin Shredder |
| 7:17 | Spirit Lodge |
| 7:24 | Orc Burrow |
| 7:31 | Troll Regeneration |
| 8:08 | Fortress |
| 8:54 | Troll Witch Doctor |
| 8:55 | Witch Doctor Adept Training |
| 8:59 | Spirit Lodge |
| 9:02 | Troll Headhunter |
| 9:02 | Troll Headhunter |
| 9:02 | Troll Headhunter |
| 9:18 | Watch Tower |
| 9:58 | Troll Headhunter |
| 10:22 | Feral Spirit |
| 10:57 | Orc Burrow |
| 11:00 | Witch Doctor Master Training |
| 11:07 | Berserker Upgrade |
| 11:51 | Shaman Adept Training |
| 11:52 | Shaman |
| 11:55 | Orc Burrow |
| 12:23 | Troll Witch Doctor |
| 12:24 | Troll Witch Doctor |
| 12:24 | Troll Witch Doctor |
| 13:01 | Grunt |
| 13:08 | Shaman Master Training |
| 13:10 | Troll Witch Doctor |
| 13:14 | Orc Burrow |
| 14:42 | Watch Tower |
| 14:45 | Shaman |
| 14:45 | Shaman |
| 14:47 | Troll Witch Doctor |
| 14:47 | Troll Witch Doctor |
| 16:11 | Troll Witch Doctor |
| 16:13 | Shaman |
| 16:17 | Steel Ranged Weapons |
| 16:31 | Watch Tower |
| 17:02 | Troll Berserker |
| 17:02 | Troll Berserker |
| 17:02 | Troll Berserker |
| 17:03 | Troll Berserker |
| 17:19 | Shaman |
| 17:23 | Troll Berserker |
| 17:23 | Troll Berserker |
| 19:00 | Chain Lighting |
| 20:03 | Reinforced Defenses |
| 20:15 | Troll Berserker |
| 20:15 | Troll Berserker |
| 20:15 | Troll Berserker |
| 20:15 | Troll Berserker |
| 20:22 | Troll Witch Doctor |
| 20:23 | Troll Witch Doctor |
| 20:23 | Troll Witch Doctor |
| 20:23 | Troll Witch Doctor |
| 20:23 | Troll Witch Doctor |
| 20:45 | Healing Wave |
| 22:16 | Troll Berserker |
| 22:17 | Troll Berserker |
| 23:44 | Watch Tower |
| 24:17 | Burning Oil |
| 24:19 | Demolisher |
| Right click | 556 |
| Select group | 535 |
| Select | 263 |
| Build/train/purchase | 80 |
| Use ability | 38 |
| Assign group | 28 |
| Resource trade | 5 |
| Remove unit | 1 |
| Minimap ping | 1 |



| Peon | 7 | 525 | / | 0 |
| Grunt | 2 | 400 | / | 0 |
| Troll Headhunter | 6 | 840 | / | 120 |
| Kodo Beast | 2 | 510 | / | 120 |
| Raider | 9 | 1620 | / | 360 |
| Wind Rider | 1 | 265 | / | 40 |
| Demolisher | 8 | 1760 | / | 400 |
| Goblin Zeppelin | 1 | 240 | / | 60 |
| Goblin Shredder | 1 | 375 | / | 100 |
| total: | 37 | 6535g | / | 1200w |
| Watch Tower | 5 | 550 | / | 400 |
| Altar of Storms | 1 | 180 | / | 50 |
| Orc Burrow | 11 | 1760 | / | 440 |
| Barracks | 1 | 180 | / | 50 |
| War Mill | 2 | 410 | / | 0 |
| Great Hall | 1 | 385 | / | 185 |
| Voodoo Lounge | 1 | 130 | / | 30 |
| Beastiary | 2 | 290 | / | 280 |
| Stronghold | 1 | 315 | / | 190 |
| Fortress | 1 | 325 | / | 190 |
| total: | 24 | 3885g | / | 1435w |
| 0:10 | Altar of Storms |
| 0:13 | Orc Burrow |
| 0:16 | Barracks |
| 0:33 | Orc Burrow |
| 0:36 | Peon |
| 0:52 | Peon |
| 1:05 | Peon |
| 1:35 | War Mill |
| 1:39 | War Mill |
| 1:41 | Peon |
| 2:14 | Grunt |
| 2:24 | Peon |
| 2:34 | Orc Burrow |
| 2:41 | Critical Strike |
| 2:44 | Peon |
| 3:28 | Grunt |
| 3:31 | Orc Burrow |
| 4:04 | Stronghold |
| 4:06 | Steel Ranged Weapons |
| 4:16 | Orc Burrow |
| 4:24 | Orc Burrow |
| 4:44 | Troll Headhunter |
| 4:44 | Troll Headhunter |
| 4:48 | Steel Melee Weapons |
| 5:06 | Orc Burrow |
| 5:13 | Troll Headhunter |
| 6:03 | Troll Headhunter |
| 6:07 | Steel Armor |
| 6:12 | Orc Burrow |
| 6:22 | Spiked Barricades |
| 6:31 | Peon |
| 7:16 | Orc Burrow |
| 7:18 | Orc Burrow |
| 7:27 | Reinforced Defenses |
| 7:35 | Goblin Zeppelin |
| 8:35 | Wind Walk |
| 8:48 | Berserker Strength |
| 9:20 | War Stomp |
| 9:27 | Orc Burrow |
| 9:51 | Troll Regeneration |
| 9:54 | Improved Spiked Barricades |
| 10:54 | Fortress |
| 11:05 | Beastiary |
| 12:00 | Thorium Ranged Weapons |
| 12:32 | Beastiary |
| 13:03 | Goblin Shredder |
| 13:17 | Ensnare |
| 13:55 | War Drums Damage Increase |
| 13:57 | Kodo Beast |
| 14:09 | Troll Headhunter |
| 14:10 | Troll Headhunter |
| 14:22 | Watch Tower |
| 14:33 | Berserker Upgrade |
| 14:52 | Raider |
| 14:52 | Raider |
| 15:03 | Thorium Melee Weapons |
| 15:39 | Raider |
| 15:50 | Healing Wave |
| 15:54 | Raider |
| 15:58 | Wind Rider |
| 16:02 | Raider |
| 16:07 | Thorium Armor |
| 16:15 | Raider |
| 16:20 | Arcanite Melee Weapons |
| 16:31 | Pillage |
| 16:58 | Raider |
| 17:31 | Raider |
| 17:36 | Raider |
| 18:36 | Arcanite Armor |
| 20:08 | Watch Tower |
| 20:13 | Watch Tower |
| 20:33 | Burning Oil |
| 21:40 | Demolisher |
| 22:16 | Great Hall |
| 22:50 | Kodo Beast |
| 22:53 | Demolisher |
| 22:59 | Arcanite Ranged Weapons |
| 25:26 | Voodoo Lounge |
| 25:32 | Demolisher |
| 26:25 | Demolisher |
| 27:49 | Demolisher |
| 28:26 | Watch Tower |
| 28:57 | Demolisher |
| 29:34 | Watch Tower |
| 32:33 | Demolisher |
| 32:34 | Demolisher |
| Right click | 741 |
| Select | 409 |
| Select group | 147 |
| Build/train/purchase | 77 |
| Chat | 68 |
| Assign group | 35 |
| Use ability | 23 |
| Remove unit | 5 |
| Minimap ping | 1 |


| Rod of Necromancy | 2 | 300 |
| Orb of Corruption | 2 | 750 |
| Scroll of Town Portal | 1 | 350 |
| total: | 5 | 1400g |
| Acolyte | 22 | 1650 | / | 0 |
| Ghoul | 5 | 600 | / | 0 |
| Crypt Fiend | 5 | 1075 | / | 200 |
| Obsidian Statue | 6 | 1200 | / | 210 |
| Meat Wagon | 1 | 230 | / | 50 |
| Frost Wyrm | 9 | 3465 | / | 1080 |
| total: | 48 | 8220g | / | 1540w |
| Nerubian Tower | 2 | 200 | / | 40 |
| Spirit Tower | 5 | 725 | / | 200 |
| Crypt | 1 | 200 | / | 50 |
| Graveyard | 1 | 215 | / | 0 |
| Altar of Darkness | 1 | 180 | / | 50 |
| Ziggurat | 8 | 1200 | / | 400 |
| Tomb of Relics | 1 | 130 | / | 30 |
| Necropolis | 1 | 225 | / | 0 |
| Slaughterhouse | 1 | 140 | / | 135 |
| Sacrificial Pit | 1 | 75 | / | 150 |
| Boneyard | 2 | 350 | / | 400 |
| Halls of the Dead | 2 | 640 | / | 420 |
| Black Citadel | 1 | 325 | / | 230 |
| total: | 17 | 2715g | / | 1215w |
| 0:04 | Acolyte |
| 0:12 | Crypt |
| 0:15 | Graveyard |
| 0:19 | Acolyte |
| 0:19 | Acolyte |
| 0:19 | Acolyte |
| 0:19 | Acolyte |
| 0:42 | Altar of Darkness |
| 0:59 | Ziggurat |
| 1:06 | Acolyte |
| 1:17 | Ghoul |
| 1:31 | Tomb of Relics |
| 1:51 | Ghoul |
| 2:05 | Crypt Fiend |
| 2:38 | Halls of the Dead |
| 2:47 | Death Coil |
| 2:51 | Rod of Necromancy |
| 2:52 | Rod of Necromancy |
| 3:08 | Ziggurat |
| 3:37 | Nerubian Tower |
| 4:07 | Crypt Fiend |
| 4:34 | Crypt Fiend |
| 4:53 | Crypt Fiend |
| 5:03 | Black Citadel |
| 5:10 | Unholy Aura |
| 5:24 | Ziggurat |
| 5:54 | Slaughterhouse |
| 6:35 | Ghoul |
| 7:01 | Obsidian Statue |
| 7:15 | Necropolis |
| 7:17 | Frost Nova |
| 7:51 | Orb of Corruption |
| 7:51 | Orb of Corruption |
| 8:05 | Acolyte |
| 8:35 | Sacrificial Pit |
| 8:50 | Acolyte |
| 8:52 | Meat Wagon |
| 9:11 | Death Coil |
| 9:18 | Acolyte |
| 9:19 | Acolyte |
| 9:29 | Ziggurat |
| 9:30 | Ziggurat |
| 9:44 | Obsidian Statue |
| 9:50 | Boneyard |
| 9:51 | Boneyard |
| 10:29 | Ziggurat |
| 10:34 | Ghoul |
| 10:35 | Web |
| 11:07 | Frost Wyrm |
| 11:09 | Ghoul |
| 11:46 | Frost Wyrm |
| 12:06 | Frost Wyrm |
| 12:40 | Frost Wyrm |
| 13:14 | Freezing Breath |
| 13:28 | Creature Attack |
| 13:31 | Creature Carapace |
| 14:30 | Improved Creature Attack |
| 15:18 | Frost Wyrm |
| 15:30 | Frost Wyrm |
| 15:46 | Dark Ritual |
| 15:58 | Frost Wyrm |
| 16:58 | Obsidian Statue |
| 17:14 | Acolyte |
| 17:38 | Acolyte |
| 17:38 | Acolyte |
| 17:48 | Advanced Creature Attack |
| 18:05 | Acolyte |
| 18:05 | Acolyte |
| 18:49 | Improved Creature Carapace |
| 19:10 | Destroyer Form |
| 19:16 | Spirit Tower |
| 19:16 | Spirit Tower |
| 19:16 | Spirit Tower |
| 19:43 | Frost Wyrm |
| 20:32 | Frost Nova |
| 21:07 | Acolyte |
| 21:49 | Advanced Creature Carapace |
| 22:40 | Ziggurat |
| 22:41 | Ziggurat |
| 22:43 | Nerubian Tower |
| 22:44 | Spirit Tower |
| 22:48 | Crypt Fiend |
| 23:09 | Scroll of Town Portal |
| 23:36 | Spirit Tower |
| 26:12 | Acolyte |
| 26:12 | Acolyte |
| 26:12 | Acolyte |
| 26:13 | Acolyte |
| 26:50 | Obsidian Statue |
| 27:24 | Obsidian Statue |
| 28:09 | Obsidian Statue |
| 28:52 | Acolyte |
| 28:52 | Acolyte |
| 31:16 | Frost Wyrm |
| Right click | 1405 |
| Select group | 768 |
| Select | 305 |
| Build/train/purchase | 242 |
| Assign group | 65 |
| Use ability | 55 |
| Misc. action | 25 |
| Resource trade | 15 |
| Minimap ping | 5 |
| Remove unit | 2 |
⇛